 Dungeon Crawl Stone Soup version 0.17-a0-2144-gd7f430c (webtiles) character file.

107 Horrz the Skirmisher (level 4, -3/41 HPs)
             Began as a Hill Orc Fighter on Oct 24, 2015.
             Was a Follower of Nemelex Xobeh.
             Slain by Natasha (5 damage)
             ... on level 2 of the Dungeon.
             The game lasted 00:13:14 (1433 turns).

Horrz the Skirmisher (Hill Orc Fighter)             Turns: 1433, Time: 00:13:14

Health: -3/41      AC: 11    Str: 19    XL:     4   Next: 86%
Magic:  4/4        EV:  7    Int:  8    God:    Nemelex Xobeh [*.....]
Gold:   93         SH:  9    Dex: 10    Spells: 0 memorised, 3 levels left

rFire  . . .     SeeInvis .     a - +0 trident
rCold  + . .     Clarity  .     l - +2 scale mail {MR+}
rNeg   . . .     SustAt   .     c - +0 shield
rPois  .         Gourm    .     (no helmet)
rElec  .         Spirit   .     (no cloak)
rCorr  .         Warding  .     j - +1 pair of gloves
rMut   .         Stasis   .     (no boots)
MR     +....                    (no amulet)
Stlth  ..........               (no ring)
                                h - ring of protection from cold

@: somewhat resistant to hostile enchantments, extremely unstealthy
A: no striking features
a: Renounce Religion


You were on level 2 of the Dungeon.
You worshipped Nemelex Xobeh.
Nemelex Xobeh was aware of your devotion.
You were very hungry.

You visited 1 branch of the dungeon, and saw 2 of its levels.

You collected 93 gold pieces.

Inventory:

Hand Weapons
 a - a +0 trident (weapon)
Armour
 b - a +0 scale mail
 c - a +0 shield (worn)
 j - a +1 pair of gloves (worn)
 l - a +2 scale mail of magic resistance (worn)
 p - a +0 shield
Jewellery
 h - a ring of protection from cold (left hand)
Scrolls
 f - a scroll of enchant armour
 n - a scroll of identify
Potions
 d - a potion of might
 m - a potion of ambrosia {unknown}
 o - a potion of resistance {unknown}
Miscellaneous
 q - a plain deck of destruction
Comestibles
 e - 2 bread rations
 g - a beef jerky


   Skills:
 + Level 4.4 Fighting
 + Level 3.2 Polearms
 + Level 4.1 Armour
 + Level 3.8 Shields
 + Level 1.0 Evocations


You had 3 spell levels left.
You didn't know any spells.

Dungeon Overview and Level Annotations

Branches:
Dungeon (2/15)

Altars:
Nemelex Xobeh

Annotations:
D:2 Natasha


Message History

Natasha is almost dead.
You block the gnoll's attack. You block Natasha's attack.
You closely miss Natasha.
Natasha is almost dead.
Natasha claws you.
* * * LOW HITPOINT WARNING * * *
The gnoll hits you from afar with a halberd.
* * * LOW HITPOINT WARNING * * *
Your shield prevents you from hitting Natasha.
Natasha is almost dead.
Natasha claws you but does no damage. You block the gnoll's attack.
You barely miss Natasha.
Natasha is almost dead.
Natasha claws you but does no damage. The gnoll closely misses you.
You closely miss Natasha.
Natasha is almost dead.
Natasha casts a spell.
The gnoll barely misses you. Natasha claws you.
You die...
Your body disappears without a glow.

#.# #.# #.# #.# #.# #.# #.#
#.# #.# ###### #.# #.# #.# .
#....# #.# #.# #.#
.h.g#....#####.# #.# #.#
..(.....g.g5##.#######.###.#
.........##h##.#...........#
g.....g..##@##.#.#####.#####
.........##5##.#.# #......
#.##.....##.##.#.# ####### #
#.....##.##.#.#
#...........#.# ###
#.##(....#...#.#.# ..#
#............#.#.# ..#
########.....#.#.###########
..######
#.........##.........


You could see Natasha, a gnoll, a white imp and a shadow imp.

Vanquished Creatures
  Robin (D:2)
  3 adders (D:2)
  2 gnolls (D:1)
  An ooze (D:2)
  A ball python (D:2)
  A giant cockroach (D:1)
  11 goblins
  5 hobgoblins
  4 jackals (D:2)
  3 kobolds
  2 quokkas (D:2)
  6 bats
  A giant gecko (D:2)
  2 giant newts (D:2)
  4 rats (D:2)
47 creatures vanquished.

Notes
Turn   | Place    | Note
--------------------------------------------------------------
     0 | D:1      | Horrz the Hill Orc Fighter began the quest for the Orb.
     0 | D:1      | Reached XP level 1. HP: 19/19 MP: 1/1
   106 | D:1      | Reached XP level 2. HP: 5/27 MP: 2/2
   463 | D:1      | Reached XP level 3. HP: 26/33 MP: 3/3
   553 | D:1      | Reached skill level 4 in Fighting
   942 | D:2      | Reached XP level 4. HP: 26/41 MP: 4/4
  1016 | D:2      | Found a faded altar to an unknown god.
  1032 | D:2      | Became a worshipper of Nemelex Xobeh the Trickster
  1032 | D:2      | Received a gift from Nemelex Xobeh
  1032 | D:2      | Reached * piety under Nemelex Xobeh
  1073 | D:2      | Noticed Robin
  1163 | D:2      | Killed Robin
  1163 | D:2      | Reached skill level 1 in Evocations
  1394 | D:2      | Noticed Natasha
  1430 | D:2      | HP: 1/41 [gnoll/halberd (3)]
  1433 | D:2      | Slain by Natasha

Vault maps used:
D:1:      saegor_arrival_simple_d
D:2:      ecumenical_altar_2, grunt_decor_clamped, uniq_natasha,
          uniq_crazy_yiuf_cottage, uniq_robin

Action                   |  1- 3 |  4- 6 || total
-------------------------+-------+-------++-------
Melee: Trident           |    86 |   139 ||   225
  Use: Potion            |       |     2 ||     2
       Scroll            |       |     1 ||     1
  Eat: Chunk             |       |     1 ||     1
